 Dungeon Crawl Stone Soup version 0.28-a0-895-g6e5f11bd55 (webtiles) character file.

Game seed: 10312530722221349851

1213 bande the Covered (level 8, -5/49 HPs)
             Began as a Gargoyle Fighter on Nov 22, 2021.
             Was a Follower of Okawaru.
             Slain by a yak (12 damage)
             ... on level 5 of the Dungeon.
             The game lasted 00:09:13 (6185 turns).

bande the Covered (Gargoyle Fighter)                Turns: 6185, Time: 00:09:14

Health: -5/49      AC: 16    Str: 20    XL:     8   Next: 46%
Magic:  9/10       EV:  7    Int: 10    God:    Okawaru [*.....]
Gold:   98         SH:  4    Dex: 10    Spells: 7/7 levels left

rFire   . . .      SeeInvis .   j - +1 broad axe (flame)
rCold   . . .      Faith    .   c - +0 buckler
rNeg    + . .      Spirit   .   f - +0 chain mail
rPois   ∞          Reflect  .   (no helmet)
rElec   +          Harm     .   k - +0 cloak
rCorr   .          Rampage  .   (no gloves)
Will    .....                   (no boots)
Stlth   ..........              (no amulet)
HPRegen 0.16/turn               (no ring)
MPRegen 0.12/turn               (no ring)

@: no status effects
A: sickness immunity, AC +5, negative energy resistance 1, electricity
resistance, torment resistance 1, petrification resistance
a: Renounce Religion, Heroism


You were on level 5 of the Dungeon.
You worshipped Okawaru.
Okawaru was aware of your devotion.
You visited 2 branches of the dungeon, and saw 6 of its levels.

You collected 148 gold pieces.
You spent 50 gold pieces at shops.

Inventory:

Hand Weapons
 a - a +0 war axe
 j - a +1 broad axe of flaming (weapon)
 p - a +0 morningstar
Armour
 c - a +0 buckler (worn)
 f - a +0 chain mail (worn)
 k - a +0 cloak (worn)
Jewellery
 l - a ring of fire
 r - an amulet of reflection
Wands
 h - a wand of polymorph (5)
Scrolls
 e - 5 scrolls of identify
 i - 2 scrolls of enchant weapon
 o - 2 scrolls of amnesia
Potions
 d - a potion of might
 g - 2 potions of berserk rage
 m - a potion of flight
 n - a potion of brilliance
 q - a potion of heal wounds
 s - a potion of haste


   Skills:
 + Level 5.0 Fighting
 + Level 5.5 Axes
 + Level 5.7 Armour
 - Level 0.2 Dodging
 + Level 4.7 Shields
 + Level 0.3 Unarmed Combat
 * Level 2.7 Invocations
 * Level 3.1 Evocations


You had 7 spell levels left.
You didn't know any spells.
Your spell library was empty.

Dungeon Overview and Level Annotations

Branches:
Dungeon (5/15)             Temple (1/1) D:4

Altars:
Ashenzari
Dithmenos
Elyvilon
Fedhas
Gozag
Hepliaklqana
Kikubaaqudgha
Makhleb
Nemelex Xobeh
Okawaru
Qazlal
Ru
Sif Muna
Trog
Uskayaw
Vehumet
Wu Jian
Xom
Yredelemnul
Zin
The Shining One

Shops:
D:4 !


Innate Abilities, Weirdness & Mutations

You are immune to sickness and miasma.
Your stone body is resilient. (AC +5)
You are immune to poison.
You resist negative energy. (rN+)
You are resistant to electric shocks. (rElec)
You are resistant to unholy torment.
You are immune to petrification.


Message History

You hit the yak. You burn the yak.
The yak is almost dead.
The yak gores you but does no damage.
You barely miss the yak.
The yak bellows!
The yak closely misses you.
You slash the yak! You burn the yak.
The yak is heavily wounded.
The yak gores you.
Your chain mail prevents you from hitting the yak.
The yak is heavily wounded.
You block the yak's attack. The yak gores you but does no damage.
You hit the yak but do no damage.
The yak is heavily wounded.
The yak gores you!
You hit the yak but do no damage.
The yak is heavily wounded.
The yak gores you but does no damage.
You slash the yak! You burn the yak.
The yak is severely wounded.
The yak gores you but does no damage. The yak gores you.
You barely miss the yak.
The yak is severely wounded.
The yak gores you but does no damage.
You slash the yak! You burn the yak.
You kill the yak!
Okawaru accepts your kill. The yak gores you!
* * * LOW HITPOINT WARNING * * *
You slash the yak! You burn the yak.
You kill the yak!
Okawaru is honoured by your kill.
The water moccasin zombie completely misses you.
Your Fighting skill increases to level 5!
Your Evocations skill increases to level 3!
You closely miss the water moccasin zombie.
The water moccasin zombie is lightly damaged.
The water moccasin zombie closely misses you.
You barely miss the yak. The yak gores you!
You die...

.# .# .##.#.
...... ##....
##### ....#. .
#...# ......
... #...#
......
#...#####...#
......
#^....@YZ...#
...[.#
.....#####...#
.....# ...
##...# .....#
. #....#
...... #.Y..#
...... #..Y..#
.....
#...!.....
#..........#
#..Y.......#


You could see a yak and a water moccasin zombie.

Vanquished Creatures
  2 yaks (D:5)
  An ice beast (D:5)
  3 black bears (D:4)
  A necrophage (D:4)
  A water moccasin zombie (D:3)
  A jelly (D:3)
  2 orc priests
  Crazy Yiuf (D:2)
  An iguana (D:4)
  3 orc wizards
  A hound skeleton (D:4)
  4 adders
  4 gnolls (D:4)
  A worm (D:3)
  3 dart slugs
  12 orcs
  9 endoplasms
  11 goblins
  8 hobgoblins
  5 jackals
  3 quokkas
  14 ball pythons
  8 bats
  4 frilled lizards
  4 kobolds
  5 rats
112 creatures vanquished.

Notes
Turn   | Place    | Note
-------+----------+-------------------------------------------
     0 | D:1      | bande the Gargoyle Fighter began the quest for the Orb.
     0 | D:1      | Reached XP level 1. HP: 14/14 MP: 1/1
   113 | D:1      | Reached XP level 2. HP: 13/19 MP: 2/2
   646 | D:1      | Reached XP level 3. HP: 23/23 MP: 3/3
  1070 | D:2      | Found a glowing golden altar of the Shining One.
  1486 | D:2      | Found a runed translucent door.
  1487 | D:2      | Noticed Crazy Yiuf
  1578 | D:2      | Killed Crazy Yiuf
  1579 | D:2      | Reached XP level 4. HP: 29/29 MP: 4/4
  1759 | D:3      | Reached XP level 5. HP: 24/33 MP: 5/5
  2323 | D:3      | Found a faded altar of an unknown god.
  2639 | D:3      | Reached skill level 1 in Evocations
  3076 | D:3      | Reached XP level 6. HP: 31/38 MP: 6/6
  3832 | D:4      | Noticed a rust devil
  3949 | D:4      | Noticed a black bear
  3961 | D:4      | Killed a black bear
  4513 | D:4      | Noticed an angel
  4520 | D:4      | Found a staircase to the Ecumenical Temple.
  4529 | Temple   | Entered the Ecumenical Temple
  4580 | Temple   | Became a worshipper of Warmaster Okawaru
  4651 | D:4      | Reached XP level 7. HP: 34/44 MP: 7/7
  4742 | D:4      | Found Dolimir's Distillery.
  4747 | D:4      | Bought a potion of heal wounds for 50 gold pieces
  5093 | D:4      | Reached skill level 5 in Armour
  5570 | D:5      | Entered Level 5 of the Dungeon
  5581 | D:4      | Reached skill level 1 in Invocations
  5592 | D:4      | Reached * piety under Okawaru
  6140 | D:5      | Reached skill level 5 in Axes
  6140 | D:5      | Reached XP level 8. HP: 39/48 MP: 9/9
  6162 | D:5      | Noticed a yak
  6162 | D:5      | Noticed a yak
  6162 | D:5      | Noticed a yak
  6182 | D:5      | Killed a yak
  6183 | D:5      | Killed a yak
  6184 | D:5      | Reached skill level 5 in Fighting
  6185 | D:5      | Slain by a yak

Illustrated notes

Levels and vault maps discovered:
D:1:      dpeg_arrival_pits, layout_basic, minmay_heptomino_w4
D:2:      cheibrodos_helix_gallery, layout_rooms, basic_altar,
          uniq_crazy_yiuf_cottage
D:3:      layout_basic, chequers_ecumenical_altar_island, minmay_circle_x
D:4:      layout_cave_pods, temple_garden, serial_shops, kennysheep_little_box
D:5:      layout_rooms, sigmund_army, uniq_grinder
Temple:   kilobyte_greek_temple

Skill      XL: |  1  2  3  4  5  6  7  8 |
---------------+-------------------------+-----
Axes           | 2 3 4 5 |  5.5
Armour         | 4 5 |  5.7
Shields        | 4 |  4.7
Evocations     | 1 2 3 |  3.1
Fighting       | 4 5 |  5.0
Invocations    | 2 |  2.7
Dodging        | |  0.2
Unarmed Combat | |  0.3

Action                   |  1- 3 |  4- 6 |  7- 9 || total
-------------------------+-------+-------+-------++-------
Melee: War axe           |   121 |   155 |       ||   276
       Unarmed           |     5 |       |       ||     5
       Broad axe         |       |    10 |    73 ||    83
  Use: Scroll            |     4 |     6 |     2 ||    12
       Potion            |       |     2 |       ||     2
Armor: Scale mail        |    26 |       |       ||    26
       Chain mail        |    71 |   159 |    70 ||   300
       Skin              |     1 |       |       ||     1
Dodge: Dodged            |    50 |   100 |    31 ||   181
Block: Buckler           |    30 |    54 |    22 ||   106

Table legend: (Time is in decaauts)
 A = Elapsed time spent in this place.
 B = Non-inter-level travel time spent in this place.
 C = Inter-level travel time spent in this place.
 D = Time resting spent in this place.
 E = Time spent auto-exploring this place.
 F = Levels seen in this place.
 G = Mean time per level.
                   A        B        C        D        E       F      G
               +--------+--------+--------+--------+--------+-----+--------+
         Total |   6332 |   6225 |    107 |   2212 |   2887 |   6 | 1055.3 |
       Dungeon |   6235 |   6128 |    107 |   2212 |   2850 |   5 | 1247.0 |
        Temple |     97 |     97 |      0 |      0 |     37 |   1 |   97.0 |
               +--------+--------+--------+--------+--------+-----+--------+

Top non-repeatable levels by time:
     D:4: 2243 daAuts
     D:3: 2175 daAuts
     D:1: 993 daAuts
     D:2: 696 daAuts
     D:5: 126 daAuts
  Temple: 97 daAuts
